 Dungeon Crawl Stone Soup version 0.29.1-12-g30fa7ad0bf (webtiles) character file.

Game seed: 7611793426929461829

591 hawla the Chiller (level 7, 0/66 (75) HPs)
             Began as a Meteoran Ice Elementalist on Dec 24, 2022.
             Slain by a wight
             ... wielding a +3 war axe
              (1 damage)
             ... on level 6 of the Dungeon.
             The game lasted 00:09:12 (1705 turns).

hawla the Chiller (Meteoran Ice Elementalist)       Turns: 1705, Time: 00:09:13

HP:   0/66 (75)     AC: 23    Str: 10    XL:     7   Next: 99%
MP:   15/15         EV:  2    Int: 18    God:
Gold: 116           SH:  0    Dex: 21    Spells: 8/16 levels left

rFire   . . .      SeeInvis .   (no weapon)
rCold   . . .      Faith    .   (no shield)
rNeg    . . .      Spirit   .   (body armour currently unavailable)
rPois   +          Reflect  .   (helmet currently unavailable)
rElec   .          Harm     .   (cloak currently unavailable)
rCorr   .          Rampage  .   (gloves currently unavailable)
Will    .....      NoTele   +   (boots currently unavailable)
Stlth   +.........              (no amulet)
HPRegen 0.21/turn               i - +6 ring of dexterity
MPRegen 0.14/turn               (no ring)

@: confused, tree-form, ambrosia-drunk, glowing, heavily drained
A: stationary, stasis, torment immunity, boosted hp, sense surroundings 1,
otherworldly, glowing, explore regen
a: no special abilities


You were on level 6 of the Dungeon.
You were a tree.
You visited 1 branch of the dungeon, and saw 6 of its levels.

You collected 116 gold pieces.

Inventory:

Armour
 a - a +0 robe (melded)
 m - a +0 helmet (melded)
 s - a +0 pair of boots (melded)
Jewellery
 e - an amulet of reflection
 i - a +6 ring of dexterity (left branch)
 k - a ring of positive energy
Wands
 f - a wand of flame (15) (quivered)
 n - a wand of mindburst (16)
Scrolls
 p - a scroll of summoning {unknown}
 r - a scroll of enchant armour {unknown}
Potions
 b - a potion of magic
 d - a potion of flight
 g - a potion of resistance
 j - a potion of ambrosia
 l - 2 potions of brilliance {unknown}
 q - 2 potions of heal wounds {unknown}


   Skills:
 + Level 0.1 Fighting
 + Level 2.6 Dodging
 - Level 1.4 Stealth
 + Level 5.0 Spellcasting
 + Level 5.3 Conjurations
 + Level 6.6 Ice Magic
 + Level 2.0 Evocations


You had 8 spell levels left.
You knew the following spells:

 Your Spells              Type           Power      Damage    Failure   Level
a - Freeze                Ice            100%       1d11      1%          1
b - Frozen Ramparts       Ice            56%        1d9       2%          3
c - Hailstorm             Conj/Ice       26%        3d7       12%         4

Your spell library contained the following spells:

 Spells                   Type           Power      Damage    Failure   Level
 Ozocubu's Armour         Ice            28%        N/A       2%          3
 Static Discharge         Conj/Air       14%        3-5/arc   7%          2
 Summon Guardian Golem    Hex/Summ       4%         N/A       36%         3
 Lightning Bolt           Conj/Air       7%         1d19      77%         5
 Malign Gateway           Summ/Tloc      2%         N/A       100%        7
 Orb of Destruction       Conj           11%        9d6       100%        7
 Spellforged Servitor     Conj/Summ      7%         N/A       100%        7
 Maxwell's Capacitive Co  Air            2%         ∞         100%        8
 Summon Horrible Things   Summ           2%         N/A       100%        8


Dungeon Overview and Level Annotations

Branches:
Dungeon (6/15) Zot: 1895
 Temple: D:4-7

Altars:
Elyvilon
Fedhas
Hepliaklqana
Qazlal
Trog
Yredelemnul

Shops:
D:5 =*


Innate Abilities, Weirdness & Mutations

You are a tree.
Your roots penetrate the ground, keeping you stationary.
You cannot be teleported.
You are immune to unholy pain and torment.
Your maximum health is greatly increased.
Your equipment is partially melded.
You passively map a small area around you.
You are easily found by Zot.
You glow in the dark.
You regain HP and MP as you explore.


Message History

Press: ? - help, Dir - look around, f - activate A cannonade of hail descends around you!
The hail pelts the wight.
The wight partially resists.
The wight is lightly damaged.
Casting: Hailstorm (quite dangerous; 12% risk of failure)
Confirm with . or Enter, or press ? or * to list all spells.
The spell is quite dangerous to miscast (12% risk of failure)!
Continue anyway?
Casting: Hailstorm (quite dangerous; 12% risk of failure)
Press: ? - help, Dir - look around, f - activate A cannonade of hail descends around you!
The hail pelts the wight.
The wight partially resists.
The wight is heavily damaged.
Unknown command.
The wight hits you with a +3 war axe! The wight attacks as you move away!
The wight hits you with a +3 war axe! The wight attacks as you move away!
The wight hits you with a +3 war axe!
* * * LOW HITPOINT WARNING * * *
You feel drained.
* * * LOW HITPOINT WARNING * * *
The wight attacks as you move away! The wight barely misses you.
Really quaff the potion of lignification?
You turn into a tree.
Your +0 helmet melds into your body.
Your +0 pair of boots melds into your body.
Your +0 robe melds into your body.
Your roots penetrate the ground.
The wight hits you with a +3 war axe.
* * * LOW HITPOINT WARNING * * *
It was a potion of flight.
Your roots keep you in place.
The wight hits you with a +3 war axe.
* * * LOW HITPOINT WARNING * * *
It was a potion of ambrosia.
You are confused.
You feel invigorated. The wight hits you with a +3 war axe.
* * * LOW HITPOINT WARNING * * *
You feel drained.
* * * LOW HITPOINT WARNING * * *
You cannot move. (Use ctrl+direction or * direction to attack while stationary and confused.)
You attack the rock wall.
The wight hits you with a +3 war axe!
* * * LOW HITPOINT WARNING * * *
You feel drained.
You die...

, * * #.# *
#.# * , * #.#
, * * #.# , *
#z# * * #z# ,
, #.# *
############.#
,
.......♣zlzz.#
##############


You could see an iguana and 3 wights.

Vanquished Creatures
  2 water moccasins (D:5)
  An ogre (D:5)
  A scorpion (D:4)
  5 orc priests
  3 adders
  An ufetubus (D:4)
  2 dart slugs
  10 orcs
  2 bats (D:2)
  6 endoplasms
  A giant cockroach (D:1)
  4 goblins
  2 hobgoblins
  3 jackals (D:4)
  5 kobolds
  5 quokkas
  5 ball pythons
  A frilled lizard (D:2)
59 creatures vanquished.

Notes
Turn   | Place    | Note
-------+----------+-------------------------------------------
     0 | D:1      | hawla the Meteoran Ice Elementalist began the quest for the
                  | Orb.
     0 | D:1      | Reached XP level 1. HP: 14/14 MP: 5/5
    68 | D:1      | Reached XP level 2. HP: 13/20 MP: 4/6
   108 | D:2      | Reached skill level 1 in Evocations
   108 | D:2      | Reached XP level 3. HP: 26/26 MP: 0/8
   115 | D:2      | Learned a level 3 spell: Frozen Ramparts
   119 | D:2      | Found a bloodstained altar of Trog.
   226 | D:3      | Reached skill level 5 in Ice Magic
   345 | D:4      | Reached XP level 4. HP: 33/33 MP: 4/9
   394 | D:4      | Found a white marble altar of Elyvilon.
   433 | D:4      | Reached XP level 5. HP: 11/38 MP: 2/11
   438 | D:4      | Learned a level 4 spell: Hailstorm
   504 | D:4      | Reached skill level 1 in Conjurations
   514 | D:4      | Found a basalt altar of Yredelemnul.
   520 | D:4      | Found a blossoming altar of Fedhas.
   529 | D:4      | Found a stormy altar of Qazlal.
   529 | D:4      | Found a hazy altar of Hepliaklqana.
   645 | D:4      | Reached XP level 6. HP: 44/45 MP: 8/12
  1154 | D:5      | Entered Level 5 of the Dungeon
  1211 | D:5      | Noticed a water moccasin
  1220 | D:5      | Killed a water moccasin
  1221 | D:5      | Reached skill level 5 in Conjurations
  1346 | D:5      | Found Goerhen's Jewellery Emporium.
  1385 | D:5      | Noticed an ogre
  1394 | D:5      | Killed an ogre
  1395 | D:5      | Reached XP level 7. HP: 10/50 MP: 3/14
  1458 | D:5      | Found Mineih's Serpentskin Sales.
  1458 | D:5      | Noticed a water moccasin
  1461 | D:5      | Killed a water moccasin
  1462 | D:5      | Reached skill level 5 in Spellcasting
  1462 | D:5      | Reached skill level 6 in Ice Magic
  1705 | D:6      | HP: 1/69 [wight/+3 war axe (10)]
  1705 | D:6      | Slain by a wight

Illustrated notes

Levels and vault maps discovered:
D:1:      minmay_arrival_shattered_statue, layout_basic, serial_shops,
          nicolae_shop_overgrown_old_shop, shop,
          nicolae_shop_competitors_out_of_business,
          shapermc_ecumenical_altar_ellora
D:2:      layout_loops_ring, basic_altar
D:3:      layout_rooms, gammafunk_ghost_split, kennysheep_another_room,
          dreamdust_wishing_well, hangedman_decor_slide_cut,
          minmay_misc_feat_ornament
D:4:      layout_loops_corners, nicolae_overflow_hallway_of_the_gods
D:5:      wander_river, layout_rooms, serial_shops, shop, guppyfry_shop_venom
D:6:      layout_basic, minmay_temple_entry_waves, serial_shops, shop,
          minmay_hedge_maze, kennysheep_generic_room_9, uniq_blork_the_orc

Skill      XL: |  1  2  3  4  5  6  7 |
---------------+----------------------+-----
Evocations     | 1 2 |  2.0
Spellcasting   | 3 4 5 |  5.0
Ice Magic      | 5 6 |  6.6
Conjurations   | 3 5 |  5.3
Fighting       | |  0.1
Dodging        | |  2.6
Stealth        | |  1.4

Action                   |  1- 3 |  4- 6 |  7- 9 || total
-------------------------+-------+-------+-------++-------
Melee: Unarmed           |     3 |     7 |       ||    10
 Cast: Freeze            |    34 |    18 |    11 ||    63
       Frozen Ramparts   |     2 |    14 |     3 ||    19
       Hailstorm         |       |     1 |     2 ||     3
  Use: Scroll            |     4 |       |     2 ||     6
       Potion            |       |     2 |     3 ||     5
Armor: Robe              |    11 |     6 |       ||    17
Dodge: Dodged            |    20 |    15 |    10 ||    45
